 Dungeon Crawl Stone Soup version 0.31-a0-214-gb37851dbb3 (webtiles) character file.

Game seed: 16524546874029254400

121 qw the Chopper (level 5, 0/32 HPs)
             Began as a Gargoyle Fighter on July 1, 2023.
             Slain by a gnoll
             ... wielding a +0 whip
              (8 damage)
             ... on level 3 of the Dungeon.
             The game lasted 00:00:51 (1381 turns).

qw the Chopper (Gargoyle Fighter)                   Turns: 1381, Time: 00:00:52

Health: 0/32       AC: 12    Str: 21    XL:     5   Next: 5%
Magic:  5/5        EV:  9    Int:  9    God:
Gold:   132        SH:  4    Dex:  9    Spells: 4/4 levels left

rFire   . . .        Y - +0 war axe
rCold   . . .        c - +0 buckler
rNeg    + . .        b - +0 scale mail
rPois   inf          (no helmet)
rElec   +            k - +0 cloak
rCorr   .            (no gloves)
SInv    .            (no boots)
Will    .....        (no amulet) Stlth
                     (no ring)
HPRegen 0.25/turn    (no ring)
MPRegen 0.09/turn

%: no passive effects
@: no status effects
A: sickness immunity, AC +4, negative energy resistance 1, electricity
resistance, torment resistance 1, petrification resistance
a: no special abilities


You were on level 3 of the Dungeon.
You visited 1 branch of the dungeon, and saw 3 of its levels.

You collected 132 gold pieces.


Innate Abilities, Weirdness & Mutations

You are immune to sickness and miasma.
Your stone body is resilient. (AC +4)
You are immune to poison.
You resist negative energy. (rN+)
You are resistant to electric shocks. (rElec)
You are resistant to unholy torment.
You are immune to petrification.


   Skills:
 - Level 3.2 Fighting
 + Level 4.6 Axes
 - Level 3.2 Armour
 - Level 3.2 Shields


You had 4 spell levels left.
You didn't know any spells.
Your spell library was empty.

Inventory:

Hand Weapons
 j - a +0 flail of holy wrath
 Y - a +0 war axe (weapon)
Armour
 b - a +0 scale mail (worn)
 c - a +0 buckler (worn)
 k - a +0 cloak (worn)
Potions
 a - a potion of attraction {unknown}
 d - a potion of might
 e - a potion of degeneration {unknown}
 g - a potion of lignification
 h - 2 potions of curing
 i - 3 potions of haste

Dungeon Overview and Level Annotations

Branches:
Dungeon (3/15)

Altars:


Message History

You barely miss the gnoll.
The gnoll is severely wounded.
The gnoll hits you from afar with a +0 halberd!
The gnoll barely misses you.
You hit the gnoll.
You kill the gnoll!
The gnoll hits you from afar with a +0 halberd.
The gnoll misses you. The gnoll hits you with a +0 halberd.
You see here a +0 club.
You slash the gnoll!
The gnoll is severely wounded.
The gnoll hits you with a +0 halberd.
You hit the gnoll but do no damage.
The gnoll is severely wounded.
The gnoll closely misses you.
You hit the gnoll.
The gnoll is almost dead.
The gnoll hits you but does no damage. The gnoll hits you with a +0 halberd!
You slash the gnoll!
You kill the gnoll!
You slash the gnoll!
The gnoll is severely wounded.
The gnoll hits you but does no damage.
You barely miss the gnoll.
The gnoll is severely wounded.
The gnoll hits you but does no damage.
You closely miss the gnoll.
The gnoll is severely wounded.
You block the gnoll's attack. The gnoll hits you but does no damage.
You slash the gnoll!
You kill the gnoll!
You have reached level 5!
You slash the gnoll!
The gnoll is severely wounded.
The gnoll hits you but does no damage.
You hit the gnoll but do no damage.
The gnoll is severely wounded.
The gnoll hits you with a +0 whip!
You die...

#.##.#### #.#
#.##....# #.#
#.....#.# #.#
........#.# #.#
[##.###.#.###.#
#...........##
#####........#
#.#.####.#
#.#.# #@# #.#.#
#g# # #.# #.#
#.# #.# #.# #.#
#.# ..# .##


You could see a gnoll.

Vanquished Creatures
  7 gnolls
  An adder (D:2)
  A worm (D:2)
  An orc (D:3)
  2 ball pythons (D:1)
  2 endoplasms (D:2)
  2 giant cockroaches
  3 goblins
  3 hobgoblins
  2 jackals (D:2)
  2 quokkas
  11 frilled lizards
  3 kobolds
  5 rats
45 creatures vanquished.

Notes
Turn   | Place    | Note
-------+----------+-------------------------------------------
     0 | D:1      | qw the Gargoyle Fighter began the quest for the Orb.
     0 | D:1      | Reached XP level 1. HP: 14/14 MP: 1/1
     0 | D:1      | 0 ||| qw: Version: 0.3-a-32-g5962c71
     0 | D:1      | 0 ||| qw: Game counter: 7663
     0 | D:1      | 0 ||| qw: Melee chars always use a shield: true
     0 | D:1      | 0 ||| qw: God list: Okawaru
     0 | D:1      | 0 ||| qw: Allow faded altars: false
     0 | D:1      | 0 ||| qw: Do Orc after clearing Dungeon:15 true
     0 | D:1      | 0 ||| qw: Do second Lair branch before Depths: true
     0 | D:1      | 0 ||| qw: Lair rune preference: random
     0 | D:1      | 0 ||| qw: Goals: Normal, Zot:1-4, Slime:5, God:TSO, Crypt,
                  | Tomb, Abyss, Pan, Hells, Win
     0 | D:1      | 0 ||| PLANNING D:1-11
     8 | D:1      | 8 ||| Stepping ~*~*~tactically~*~*~ (stealth).
    23 | D:1      | Reached skill level 2 in Axes
   176 | D:1      | Reached XP level 2. HP: 19/19 MP: 2/2
   205 | D:1      | Found a faded altar of an unknown god.
   469 | D:1      | 469 ||| READING scroll labelled SALUFE LEMEEG.
   470 | D:1      | 470 ||| READING scroll labelled MIBUDE SUVVUENONN.
   471 | D:1      | 471 ||| DRINKING 2 glowing silvery potions.
   508 | D:2      | Reached skill level 3 in Axes
   508 | D:2      | Reached XP level 3. HP: 23/23 MP: 3/3
   755 | D:2      | 755 ||| FLEEEEING.
   764 | D:2      | Reached XP level 4. HP: 17/28 MP: 4/4
   771 | D:2      | Reached skill level 4 in Axes
  1246 | D:2      | 1246 ||| UPGRADING to +0 cloak.
  1251 | D:2      | 1251 ||| READING scroll labelled OGITAE KAEXE.
  1252 | D:2      | 1252 ||| READING scroll labelled XULOFA QOL HOI.
  1253 | D:2      | 1253 ||| DRINKING 2 bubbling orange potions.
  1301 | D:2      | 1301 ||| DRINKING 4 smoky pink potions.
  1359 | D:3      | 1359 ||| Stepping ~*~*~tactically~*~*~ (hiding).
  1374 | D:3      | HP: 5/28 [gnoll/+0 halberd (8)]
  1380 | D:3      | Reached XP level 5. HP: 8/32 MP: 5/5
  1381 | D:3      | Slain by a gnoll

Levels and vault maps discovered:
D:1:      reono_arrival_forest_river, layout_rooms,
          hellmonk_ecumenical_altar_inner_sanctum
D:2:      layout_loops_ring, minmay_lizard_king
D:3:      layout_loops_ring, serial_rivers, chequers_serial_rivers_room_b,
          chequers_serial_rivers_micro_b, chequers_serial_rivers_micro_e,
          chequers_serial_rivers_small_a, chequers_serial_rivers_micro_b,
          chequers_serial_rivers_small_3, solitary_fountain, grunt_ministairs_7,
          st_stairs_7, hangedman_decor_points, lexackson_kobold_supper,
          uniq_grinder

Skill      XL: |  1  2  3  4 |
---------------+-------------+-----
Axes           | 2 3 4 |  4.6
Fighting       | |  3.2
Armour         | |  3.2
Shields        | |  3.2

Action                     |  1- 3 |  4- 6 || total
---------------------------+-------+-------++-------
  Melee: War axe           |   126 |    52 ||   178
    Use: Scroll            |     2 |     2 ||     4
         Potion            |     1 |     2 ||     3
 Armour: Scale mail        |    65 |    18 ||    83
  Dodge: Dodged            |    52 |    21 ||    73
  Block: Buckler           |    26 |    10 ||    36

Table legend:
 A = Non-vault XP
 B = Vault XP
 C = Vault XP percentage of total XP
 D = Non-vault monster count
 E = Vault monster count
 F = Vault count percentage of total count
                 A         B        C        D         E       F
            +---------+---------+-------+---------+---------+-------
      Total |     165 |       8 |   4.6 |      37 |       8 |  17.8
            +---------+---------+-------+---------+---------+-------
        D:1 |      20 |       0 |   0.0 |      14 |       0 |   0.0
        D:2 |     100 |       8 |   7.4 |      19 |       8 |  29.6
        D:3 |      45 |       0 |   0.0 |       4 |       0 |   0.0
            +---------+---------+-------+---------+---------+-------
